 Dungeon Crawl Stone Soup version 0.30.1-3-gfc49f6343a (webtiles) character file.

Game seed: 4929106695869957226

844 EWolf27 the Covert (level 7, -2/46 HPs)
             Began as a Vampire Enchanter on Aug 9, 2023.
             Was an Initiate of Dithmenos.
             Slain by a two-headed ogre
             ... wielding a +0 giant club
              (16 damage)
             ... on level 6 of the Dungeon.
             The game lasted 00:24:08 (5966 turns).

EWolf27 the Covert (Vampire Enchanter)              Turns: 5966, Time: 00:24:09

Health: -2/46      AC:  3    Str:  7    XL:     7   Next: 68%
Magic:  1/12       EV: 18    Int: 19    God:    Dithmenos [......]
Gold:   254        SH:  0    Dex: 15    Spells: 5/13 levels left

rFire   . . .        a - +1 dagger
rCold   . . .        (no shield)
rNeg    . . .        b - +0 robe
rPois   .            j - +0 helmet
rElec   .            p - scarf {+Inv}
rCorr   .            (no gloves)
SInv    +            (no boots)
Will    .....        B - amulet of regeneration
Stlth   ++++         i - +5 ring of evasion
HPRegen 1.27/turn    (no ring)
MPRegen 0.13/turn

%: no passive effects
@: healing quickly
A: alive, fangs 3, see invisible, vampiric 2
a: Exsanguinate, Renounce Religion, Evoke Invisibility


You were on level 6 of the Dungeon.
You worshipped Dithmenos.
Dithmenos was noncommittal.
You visited 2 branches of the dungeon, and saw 7 of its levels.

You collected 254 gold pieces.

Inventory:

Hand Weapons
 a - a +1 dagger (weapon)
 e - a +3 sling
 I - a +3 whip of flaming
Missiles
 f - 6 poisoned darts
 A - a throwing net (quivered)
Armour
 b - a +0 robe (worn)
 d - a +0 leather armour
 j - a +0 helmet (worn)
 p - a scarf of invisibility (worn)
 J - +0 storm dragon scales
Jewellery
 i - a +5 ring of evasion (left hand)
 B - an amulet of regeneration (around neck)
 F - a ring of flight
Wands
 G - a wand of flame (6)
Scrolls
 g - 3 scrolls of teleportation
 l - a scroll of poison {unknown}
 m - a scroll of brand weapon {unknown}
 n - a scroll of blinking {unknown}
 o - a scroll of noise {unknown}
 t - a scroll of fog {unknown}
 u - a scroll of magic mapping {unknown}
 v - a scroll of immolation {unknown}
 x - 4 scrolls of amnesia
 y - a scroll of fear {unknown}
 E - a scroll of torment {unknown}
 H - a scroll of enchant armour {unknown}
Potions
 c - 3 potions of invisibility
 h - 3 potions of heal wounds
 k - a potion of mutation {unknown}
 q - 2 potions of curing
 r - a potion of magic {unknown}
 s - a potion of brilliance {unknown}
 w - 2 potions of haste {unknown}
 z - a potion of lignification {unknown}
 D - a potion of attraction {unknown}


   Skills:
 - Level 1.1 Short Blades
 - Level 4.0 Dodging
 + Level 9.7 Stealth
 + Level 3.8 Spellcasting
 + Level 7.3 Hexes
 + Level 1.9 Ice Magic


You had 5 spell levels left.
You knew the following spells:

 Your Spells              Type           Power      Damage    Failure   Level
a - Ensorcelled Hibernat  Hex/Ice        42%        N/A       3%          2
b - Confusing Touch       Hex            31%        N/A       1%          3
c - Tukima's Dance        Hex            31%        N/A       1%          3

Your spell library contained the following spells:

 Spells                   Type           Power      Damage    Failure   Level
 Dazzling Flash           Conj/Hex       34%        N/A       10%         3
 Magic Dart               Conj           12%        1d3       14%         1
 Sandblast                Erth           6%         2d5       14%         1
 Passwall                 Tmut/Erth      2%         N/A       22%         2
 Searing Ray              Conj           6%         2d4       22%         2
 Fulminant Prism          Conj/Hex       8%         3d6       30%         4
 Stone Arrow              Conj/Erth      6%         3d7       38%         3


Dungeon Overview and Level Annotations

Branches:
Dungeon (6/15)             Temple (1/1) D:5

Altars:
Ashenzari
Dithmenos
Fedhas
Gozag
Hepliaklqana
Kikubaaqudgha
Nemelex Xobeh
Okawaru
Qazlal
Ru
Trog
Uskayaw
Vehumet
Wu Jian

Shops:
D:2 [   D:6 (

Annotations:
D:6 2 runed translucent doors


Innate Abilities, Weirdness & Mutations

Your natural rate of healing is accelerated.
You have razor-sharp teeth.
You have supernaturally acute eyesight. (SInv)
You are afflicted with vampirism and can become a bat while bloodless.


Message History

The helpless centaur fails to defend itself.
You stick the centaur like a pincushion!!!
You kill the centaur!
Dithmenos accepts your kill.
Casting: Ensorcelled Hibernation (safe; 3% risk of failure)
Confirm with . or Enter, or press ? or * to list all spells.
Aiming: Tukima's Dance (safe; 1% risk of failure)
Press: ? - help, Shift-Dir - straight line, f - two-headed ogre
Aim: a two-headed ogre, wielding two +0 giant clubs (lightly wounded, chance to affect: 43%)
The two-headed ogre resists with some effort.
The two-headed ogre closely misses you.
The two-headed ogre hits you with a +0 giant club!!
Your +0 shortbow shoots an arrow.
The arrow hits the two-headed ogre!
Your +0 shortbow shoots an arrow.
The arrow hits the two-headed ogre!
Your +0 shortbow falls from the air.
The two-headed ogre attacks as you move away!
The two-headed ogre misses you. x2
Casting: Tukima's Dance (safe; 1% risk of failure)
Confirm with . or Enter, or press ? or * to list all spells.
Aiming: Tukima's Dance (safe; 1% risk of failure)
Press: ? - help, Shift-Dir - straight line, f/p - two-headed ogre
Aim: a two-headed ogre, wielding two +0 giant clubs (moderately wounded, chance to affect: 43%)
The +0 giant club dances into the air!
The two-headed ogre attacks as you move away!
The two-headed ogre barely misses you.
The two-headed ogre hits you with a +0 giant club!!
The two-headed ogre attacks as you move away!
The two-headed ogre hits you with a +0 giant club!
* * * LOW HITPOINT WARNING * * *
The two-headed ogre misses you.
Casting: Tukima's Dance (safe; 1% risk of failure)
Confirm with . or Enter, or press ? or * to list all spells.
Aiming: Tukima's Dance (safe; 1% risk of failure)
Press: ? - help, Shift-Dir - straight line, f/p - two-headed ogre
Aim: a two-headed ogre, wielding a +0 giant club (moderately wounded, ally target, chance to affect: 43%)
The two-headed ogre resists with some effort.
The two-headed ogre attacks as you move away!
The two-headed ogre closely misses you.
The two-headed ogre hits you with a +0 giant club!
You die...

##.###....)# .
###.#.#....#
#...(...###.
#.##.##..###.
#.##.##(..####.
#....##.#.....♣. #
.. #.#####...####.#
.# .Y
#......O.###.#.# #
..# ..
#.#####@###.##.#
.###..# ##. ## #.#
#....###.###.....#
.. .####.#
##...##...##...#.#
#. ... ..#
##..#..#..#.....#
#.#.#.# ###
##...........###
....<.# ##
####.......##
#..##.#
(..####.......### ..
.# ..
#......#.........# .
.# #
.##..............#.#


You could see a two-headed ogre (ally target) and a friendly +0 giant club.

Vanquished Creatures
  A wraith (D:6)
  A centaur (D:6)
  A phantom (D:6)
  A kobold brigand (D:6)
  A scorpion (D:6)
  A jelly (D:6)
  Jessica (D:3)
  Natasha (thrice) (D:4)
  2 iguanas (D:4)
  An orc wizard (D:5)
  13 adders
  4 ufetubi
  A worm (D:2)
  The ghost of Quickbrownfox the Sneak, a weakling DsDe (D:5)
  2 dart slugs (D:5)
  10 orcs
  2 ball pythons
  4 endoplasms
  3 giant cockroaches (D:1)
  5 goblins (D:2)
  3 hobgoblins
  4 jackals
  A quokka (D:5)
  6 bats
  4 frilled lizards
  10 kobolds
  A rat (D:1)
87 creatures vanquished.

Notes
Turn   | Place    | Note
-------+----------+-------------------------------------------
     0 | D:1      | EWolf27 the Vampire Enchanter began the quest for the Orb.
     0 | D:1      | Reached XP level 1. HP: 13/13 MP: 3/3
     7 | D:1      | Noticed a wyvern
     7 | D:1      | Noticed a komodo dragon
     8 | D:1      | Noticed a polar bear
     8 | D:1      | Noticed a lindwurm
   456 | D:1      | Reached XP level 2. HP: 18/19 MP: 5/5
   460 | D:1      | Learned a level 2 spell: Ensorcelled Hibernation
   852 | D:2      | Reached skill level 5 in Stealth
   903 | D:2      | Found an opulent altar of Gozag.
   947 | D:2      | Reached skill level 5 in Hexes
   962 | D:2      | Gained mutation: You are afflicted with vampirism and can
                  | become a bat while bloodless. [Vampire growth]
   962 | D:2      | Reached XP level 3. HP: 24/24 MP: 1/6
  1334 | D:2      | Found Oggofric's Armour Shop.
  1398 | D:2      | Reached XP level 4. HP: 30/30 MP: 7/7
  1780 | D:3      | Reached skill level 6 in Stealth
  2110 | D:3      | Found a hide-covered altar of Uskayaw.
  2294 | D:3      | Noticed Jessica
  2308 | D:3      | Killed Jessica
  2309 | D:3      | Reached XP level 5. HP: 18/35 MP: 2/8
  2892 | D:3      | Learned a level 3 spell: Confusing Touch
  2896 | D:3      | Learned a level 3 spell: Tukima's Dance
  2985 | D:4      | Reached skill level 7 in Stealth
  3231 | D:4      | Noticed Natasha
  3246 | D:4      | Killed Natasha
  3262 | D:4      | Reached skill level 1 in Ice Magic
  3441 | D:4      | Noticed Natasha
  3469 | D:4      | Killed Natasha
  3470 | D:4      | Reached XP level 6. HP: 20/41 MP: 6/9
  3502 | D:4      | Noticed Natasha
  3509 | D:4      | Killed Natasha
  3624 | D:5      | Entered Level 5 of the Dungeon
  3991 | D:5      | Found a broken altar of Ashenzari.
  4237 | D:5      | Found a staircase to the Ecumenical Temple.
  4245 | D:5      | Reached skill level 8 in Stealth
  4262 | Temple   | Entered the Ecumenical Temple
  4301 | Temple   | Became a worshipper of Dithmenos the Shadowed
  4973 | D:5      | Found a runed translucent door.
  4973 | D:5      | Noticed Quickbrownfox's ghost (weakling DsDe)
  4980 | D:5      | Killed Quickbrownfox's ghost
  5100 | D:6      | Noticed an ice beast
  5100 | D:6      | Found a runed translucent gate.
  5100 | D:6      | Found a runed translucent gate.
  5662 | D:6      | Reached XP level 7. HP: 46/46 MP: 1/11
  5758 | D:6      | Found Kisatain's Antique Weapon Shop.
  5771 | D:6      | Found a sparkling altar of Nemelex Xobeh.
  5857 | D:6      | Reached skill level 9 in Stealth
  5877 | D:6      | Noticed a wraith
  5897 | D:6      | Killed a wraith
  5937 | D:6      | Noticed a two-headed ogre
  5966 | D:6      | Slain by a two-headed ogre

Illustrated notes

Levels and vault maps discovered:
D:1:      onia_arrival_zoo_common, layout_basic
D:2:      layout_loops_ring, basic_altar, serial_shops, nicolae_square_shop,
          nicolae_elevator_lobby_asterisk
D:3:      layout_basic, nicolae_uskayaw_murder_on_the_dancefloor,
          portal_sewer_entry_d, uniq_jessica
D:4:      layout_cave_pools, elyvilon_altar_3, uniq_natasha
D:5:      layout_rooms, lemuel_round_altar, minmay_temple_entry_stoned_glass,
          gammafunk_ghost_grave
D:6:      layout_loops_cross, lemuel_round_altar, serial_shops,
          nicolae_shop_tiny_glass, gammafunk_ghost_icy, kb_rosetta,
          uniq_menkaure
Temple:   oiseaux_autumnal_temple

Skill      XL: |  1  2  3  4  5  6  7 |
---------------+----------------------+-----
Stealth        | 5 6 7 8 9 |  9.7
Hexes          | 5 6 7 |  7.3
Dodging        | 3 4 |  4.0
Ice Magic      | 1 |  1.9
Spellcasting   | 3 |  3.8
Short Blades   | |  1.1

Action                     |  1- 3 |  4- 6 |  7- 9 || total
---------------------------+-------+-------+-------++-------
  Melee: Dagger            |   105 |   211 |    30 ||   346
         Bite              |    15 |    20 |     3 ||    38
         Punch             |     1 |       |       ||     1
   Cast: Ensorcelled Hiber |     1 |    27 |     1 ||    29
         Confusing Touch   |       |     5 |     2 ||     7
         Tukima's Dance    |       |     6 |     4 ||    10
    Use: Scroll            |       |     4 |       ||     4
   Stab: Sleeping          |     8 |    26 |     3 ||    37
         Confused          |       |     2 |     4 ||     6
 Armour: Robe              |    15 |    33 |       ||    48
  Dodge: Dodged            |    74 |   185 |    21 ||   280
